 Dungeon Crawl Stone Soup version 0.27-a0-1105-g946c659c87 (webtiles) character file.

Game seed: 15696222155195611939

1157 DogServant the Cudgeller (level 8, -1/60 HPs)
             Began as a Palentonga Warper on Apr 30, 2021.
             Slain by a wight
             ... wielding a +4 great sword
              (11 damage)
             ... on level 6 of the Dungeon.
             The game lasted 00:17:29 (5218 turns).

DogServant the Cudgeller (Palentonga Warper)        Turns: 5218, Time: 00:17:29

Health: -1/60      AC: 14    Str: 16    XL:     8   Next: 16%
Magic:  3/11       EV: 11    Int: 14    God:
Gold:   190        SH:  0    Dex: 10    Spells: 3/11 levels left

rFire    + . .     SeeInvis +   v - +2 whip (holy)
rCold    . . .     Faith    .   (no shield)
rNeg     . . .     Spirit   .   z - +0 scale mail
rPois    .         Reflect  .   (no helmet)
rElec    .         Harm     .   (no cloak)
rCorr    .         Rampage  .   q - +0 pair of gloves
Will     .....                  (no barding)
Stlth    ..........             (no amulet)
HPRegen  0.20/turn              k - ring of protection from fire
MPRegen  0.12/turn              s - +4 ring of evasion

@: curled up
A: large, rugged brown scales 3, see invisible, deformed body, roll 1, armoured
tail, reflexive curl
a: Rolling Charge


You were on level 6 of the Dungeon.
You visited 1 branch of the dungeon, and saw 6 of its levels.

You collected 190 gold pieces.

Inventory:

Hand Weapons
 t - a +2 dagger of venom
 v - a +2 whip of holy wrath (weapon)
 y - a +2 flail of flaming
Missiles
 e - 5 boomerangs of dispersal
 g - 10 boomerangs (quivered)
 w - a throwing net
Armour
 b - a +0 leather armour
 m - a +0 leather armour
 q - a +0 pair of gloves (worn)
 z - a +0 scale mail (worn)
Jewellery
 k - a ring of protection from fire (left hand)
 s - a +4 ring of evasion (right hand)
Wands
 B - a wand of acid (7)
Scrolls
 c - a scroll of brand weapon
 f - a scroll of magic mapping
 n - a scroll of amnesia
 o - a scroll of holy word {unknown}
 p - a scroll of fear {unknown}
 r - a scroll of fog {unknown}
 u - a scroll of enchant weapon {unknown}
 x - a scroll of immolation {unknown}
 A - a scroll of enchant armour {unknown}
Potions
 j - a potion of degeneration
 l - a potion of attraction


   Skills:
 + Level 2.7 Fighting
 + Level 6.9 Maces & Flails
 - Level 0.6 Throwing
 + Level 2.3 Armour
 - Level 1.5 Dodging
 - Level 2.3 Spellcasting
 - Level 6.7 Translocations


You had 3 spell levels left.
You knew the following spells:

 Your Spells              Type           Power      Damage    Failure   Level
a - Blink                 Tloc           N/A        N/A       8%          2
b - Teleport Other        Tloc           20%        N/A       16%         3
c - Gell's Gravitas       Tloc           10%        N/A       16%         3

Your spell library contained the following spells:

 Spells                   Type           Power      Damage    Failure   Level
 Lesser Beckoning         Tloc           10%        N/A       16%         3
 Summon Small Mammal      Summ           4%         N/A       63%         1
 Call Imp                 Summ           1%         N/A       77%         2
 Call Canine Familiar     Summ           1%         N/A       94%         3
 Summon Guardian Golem    Hex/Summ       1%         N/A       94%         3
 Manifold Assault         Tloc           20%        N/A       82%         5
 Summon Ice Beast         Ice/Summ       1%         N/A       100%        4
 Summon Lightning Spire   Summ/Air       1%         N/A       100%        4


Dungeon Overview and Level Annotations

Branches:
Dungeon (6/15)
 Temple: D:4-7

Altars:
Cheibriados
Makhleb
Nemelex Xobeh

Shops:
D:4 =


Innate Abilities, Weirdness & Mutations

You are completely covered in rugged brown scales. (AC +3, +7% HP)
You have supernaturally acute eyesight. (SInv)
Armour fits poorly on your strangely shaped body.
You can roll at nearby foes to attack.
You have a long armoured tail.
You curl defensively after being hit.


Message History

The wight is heavily damaged.
The wight misses you.
You hit the wight.
The wight convulses.
The wight is severely damaged.
The wight completely misses you.
A wight comes into view. It is wielding a +4 great sword.
Your scale mail prevents you from hitting the wight.
Your tail-slap misses the wight.
The wight is severely damaged.
The wight hits you with a +0 falchion!
* * * LOW HITPOINT WARNING * * *
You feel drained.
You hit the wight.
The wight convulses.
The wight is severely damaged.
You feel better. The wight hits you but does no damage.
You hit the wight but do no damage.
The wight is severely damaged.
The wight hits you but does no damage.
Your magical contamination has completely faded away.
You hit the wight.
You destroy the wight!
Your life force feels restored.
Casting: Blink (safe; 8% risk of failure)
Confirm with . or Enter, or press ? or * to list all spells.
You blink.
A white imp comes into view.
The white imp shouts, "Begone, thou artless fen-sucked clotpole!"
Roll where?
Press: ? - help, Dir - move target, f - wight
Aim: a wight, wielding a +4 great sword and wearing a +0 robe You roll forward with a clatter of scales!
You whack the wight!
The wight convulses.
The wight is heavily damaged.
You hear a shout!
The wight hits you with a +4 great sword.
* * * LOW HITPOINT WARNING * * *
You barely miss the wight. You tail-slap the wight.
The wight is severely damaged.
The wight hits you with a +4 great sword!
You die...

##...##.#
##.##..#
####..#
#####..#####
............#
######..###)#
#..# #)# #..#
#z# #..# #@#
#..# #°#
#..###○#
#.5#.°.#
#.### #. ..
.#. ..#.


You could see a wight.

Vanquished Creatures
  Pikel (D:4)
  Edmund (D:4)
  An ice beast (D:5)
  2 scorpions
  2 wights (D:6)
  A centaur zombie (D:5)
  A centaur skeleton (D:5)
  Jessica (D:3)
  An orc wizard (D:5)
  A hound zombie (D:5)
  7 adders
  4 gnolls (D:4)
  An adder skeleton (D:4)
  A dart slug (D:2)
  4 orcs
  A ball python (D:4)
  4 endoplasms
  A giant cockroach (D:2)
  5 goblins
  6 hobgoblins
  8 jackals
  3 kobolds
  4 quokkas
  7 bats
  A frilled lizard (D:2)
  6 rats
75 creatures vanquished.

Notes
Turn   | Place    | Note
-------+----------+-------------------------------------------
     0 | D:1      | DogServant the Palentonga Warper began the quest for the
                  | Orb.
     0 | D:1      | Reached XP level 1. HP: 17/17 MP: 3/3
   447 | D:1      | Reached XP level 2. HP: 21/23 MP: 5/5
   641 | D:1      | Found a faded altar of an unknown god.
   993 | D:1      | Learned a level 2 spell: Blink
  1106 | D:2      | Reached skill level 1 in Armour
  1112 | D:2      | Reached XP level 3. HP: 7/28 MP: 6/6
  2147 | D:2      | Reached XP level 4. HP: 33/35 MP: 7/7
  2356 | D:3      | Learned a level 3 spell: Teleport Other
  2783 | D:3      | Found a burning altar of Makhleb.
  2865 | D:3      | Noticed Jessica
  3266 | D:3      | Killed Jessica
  3267 | D:3      | Reached XP level 5. HP: 40/40 MP: 8/8
  3287 | D:3      | Found a sparkling altar of Nemelex Xobeh.
  3596 | D:4      | Noticed a lemure
  3964 | D:4      | Reached skill level 5 in Translocations
  4236 | D:4      | Found Qytor's Jewellery Boutique.
  4298 | D:4      | Noticed Pikel
  4304 | D:4      | Learned a level 3 spell: Gell's Gravitas
  4307 | D:4      | Noticed a lemure
  4308 | D:4      | Noticed a lemure
  4308 | D:4      | Noticed a lemure
  4324 | D:4      | Killed Pikel
  4325 | D:4      | Reached XP level 6. HP: 14/47 MP: 1/9
  4325 | D:4      | Gained mutation: You curl defensively after being hit.
                  | [Palentonga growth]
  4325 | D:4      | Reached XP level 7. HP: 16/53 MP: 1/10
  4401 | D:4      | Noticed Edmund
  4558 | D:4      | Killed Edmund
  4844 | D:5      | Entered Level 5 of the Dungeon
  4988 | D:5      | Found a snail-covered altar of Cheibriados.
  5005 | D:5      | Reached XP level 8. HP: 58/59 MP: 3/11
  5211 | D:6      | HP: 3/60 [wight/+0 falchion (10)]
  5218 | D:6      | Slain by a wight

Illustrated notes

Levels and vault maps discovered:
D:1:      tarquinn_simple_flora_water_c, layout_loops_corners,
          hellmonk_ecumenical_altar_leap_of_faith
D:2:      layout_rooms, grunt_decor_cap
D:3:      layout_basic, nemelex_dance_club_becter, overflow_temple_1_default,
          minivault_5, minmay_cupped, uniq_jessica
D:4:      layout_loops_cross, st_stairs_14, minmay_shop_enchanted_jewellery,
          uniq_edmund, uniq_pikel
D:5:      layout_basic, nicolae_overflow_crystal_walls, uniq_ijyb
D:6:      layout_loops_ring, trog_hazing_becter,
          amethyst_overflow_temple_binary, ebering_ghost_sewer_d, uniq_eustachio

Skill      XL: |  1  2  3  4  5  6  7  8 |
---------------+-------------------------+-----
Armour         | 1 2 |  2.3
Maces & Flails | 3 6 |  6.9
Translocations | 4 6 |  6.7
Fighting       | |  2.7
Throwing       | |  0.6
Dodging        | |  1.5
Spellcasting   | |  2.3

Action                   |  1- 3 |  4- 6 |  7- 9 || total
-------------------------+-------+-------+-------++-------
Melee: Mace              |    95 |    85 |       ||   180
       Tailslap          |     8 |     7 |    10 ||    25
       Dagger            |       |    21 |    19 ||    40
       Whip              |       |       |    28 ||    28
       Flail             |       |       |    11 ||    11
Throw: Boomerang         |       |       |     2 ||     2
 Cast: Teleport Other    |       |     5 |     1 ||     6
       Blink             |       |     6 |    11 ||    17
 Abil: Rolling Charge    |    16 |    30 |    16 ||    62
  Use: Scroll            |       |       |     7 ||     7
       Potion            |       |       |     1 ||     1
Armor: Leather armour    |    34 |    28 |     1 ||    63
       Scale mail        |       |       |    22 ||    22
Dodge: Dodged            |    43 |    73 |    33 ||   149

Table legend: (Time is in decaauts)
 A = Elapsed time spent in this place.
 B = Non-inter-level travel time spent in this place.
 C = Inter-level travel time spent in this place.
 D = Time resting spent in this place.
 E = Time spent auto-exploring this place.
 F = Levels seen in this place.
 G = Mean time per level.
                   A        B        C        D        E       F      G
               +--------+--------+--------+--------+--------+-----+--------+
         Total |   5254 |   5150 |    104 |   1174 |   3282 |   6 |  875.7 |
       Dungeon |   5254 |   5150 |    104 |   1174 |   3282 |   6 |  875.7 |
               +--------+--------+--------+--------+--------+-----+--------+

Top non-repeatable levels by time:
     D:4: 1307 daAuts
     D:3: 1292 daAuts
     D:2: 1244 daAuts
     D:1: 1044 daAuts
     D:5: 290 daAuts
     D:6: 74 daAuts
